 Dungeon Crawl Stone Soup version 0.31-a0-233-g139696dc86 (webtiles) character file.

Game seed: 6100119131307923045

7376 gelatine the Cleaver (level 10, -7/76 HPs)
             Began as a Demonspawn Gladiator on July 9, 2023.
             Mangled by a phantasmal warrior (26 damage)
             ... led by a death knight
             ... on level 10 of the Dungeon.
             The game lasted 00:25:38 (8360 turns).

gelatine the Cleaver (Demonspawn Gladiator)         Turns: 8360, Time: 00:25:40

Health: -7/76      AC: 11    Str: 18    XL:     10   Next: 92%
Magic:  0/10       EV: 14    Int:  9    God:
Gold:   551        SH: 14    Dex: 16    Spells: 9/9 levels left

rFire   . . .        u - +3 hand axe
rCold   . . .        x - +0 buckler
rNeg    . . .        K - +0 acid dragon scales
rPois   +            c - +0 helmet
rElec   .            (no cloak)
rCorr   +            (no gloves)
SInv    .            m - +0 pair of boots
Will    .....        n - amulet of reflection
Stlth   +            H - ring of poison resistance
HPRegen 0.32/turn    p - +4 ring of slaying
MPRegen 0.24/turn

%: reflection, guardian spirit
@: weak-willed
A: molten scales 1, magic shield, magic regeneration, condensation shield,
demonic touch 2
a: no special abilities


You were on level 10 of the Dungeon.
You visited 2 branches of the dungeon, and saw 11 of its levels.

You collected 590 gold pieces.
You spent 39 gold pieces at shops.

Inventory:

Hand Weapons
 a - a +0 war axe
 u - a +3 hand axe (weapon)
 J - a +0 heavy broad axe
 Q - a +0 hand axe of electrocution
 U - a +0 broad axe
Missiles
 d - 3 throwing nets
 e - 4 javelins
 L - a curare-tipped dart
 R - a boomerang (quivered)
Armour
 c - a +0 helmet (worn)
 m - a +0 pair of boots (worn)
 v - an orb of energy
 x - a +0 buckler (worn)
 K - +0 acid dragon scales (worn)
 T - a +2 plate armour of poison resistance
Magical Staves
 F - a staff of death
Jewellery
 j - a ring of protection from fire
 n - an amulet of reflection (around neck)
 p - a +4 ring of slaying (right hand)
 E - a ring of resist corrosion
 H - a ring of poison resistance (left hand)
 N - a ring of protection from fire
Wands
 C - a wand of mindburst (31)
 I - a wand of digging (4)
 V - a wand of light (5)
Scrolls
 b - a scroll of amnesia {unknown}
 f - a scroll of blinking
 h - a scroll of acquirement {unknown}
 i - 2 scrolls of noise
 k - 2 scrolls of fog
 l - 4 scrolls of teleportation
 o - a scroll of revelation
 q - a scroll of enchant armour {unknown}
 y - 2 scrolls of vulnerability {unknown}
 A - 2 scrolls of poison {unknown}
 B - a scroll of immolation {unknown}
 P - a scroll of enchant weapon {unknown}
Potions
 g - a potion of resistance
 r - 2 potions of haste
 s - 6 potions of curing
 t - 2 potions of brilliance
 w - 2 potions of heal wounds
 z - a potion of magic
 D - 2 potions of berserk rage {unknown}
 G - a potion of mutation {unknown}
 M - 2 potions of enlightenment {unknown}
 O - a potion of ambrosia {unknown}
 S - a potion of cancellation {unknown}


   Skills:
 * Level 6.0 Fighting
 * Level 10.0 Axes
 * Level 6.3 Throwing
 * Level 4.7 Armour
 * Level 5.7 Dodging
 + Level 0.9 Stealth
 * Level 5.5 Shields


You had 9 spell levels left.
You didn't know any spells.
Your spell library contained the following spells:

 Spells                   Type           Power      Damage    Failure   Level
 Hailstorm                Conj/Ice       0%         3d3       89%         3
 Ice Form                 Ice/Tmut       0%         N/A       100%        4
 Fireball                 Conj/Fire      0%         3d3       100%        5
 Iskenderun's Battlesphe  Conj           0%         2d6       100%        5
 Conjure Ball Lightning   Conj/Air       0%         3x3d6     100%        6
 Simulacrum               Ice/Necr       0%         N/A       100%        6
 Orb of Destruction       Conj           0%         9d5       100%        7


Dungeon Overview and Level Annotations

Branches:
Dungeon (10/15)            Temple (1/1) D:7
   Lair: D:8-11         Orc: D:9-12

Altars:
Ashenzari
Cheibriados
Dithmenos
Fedhas
Gozag
Hepliaklqana
Kikubaaqudgha
Makhleb
Nemelex Xobeh
Okawaru
Qazlal
Ru
Sif Muna
Trog
Uskayaw
Vehumet
Wu Jian
Xom
Yredelemnul

Shops:
D:3 *   D:4 :


Innate Abilities, Weirdness & Mutations

You are partially covered in molten scales. (AC +2)
When hurt, damage is shared between your health and your magic reserves.
You regenerate magic rapidly.
A meltable shield of frost defends you. (SH +4)
Your touch may inflict irresistible damage on your foes.


Message History

The boomerang hits the skeletal warrior.
The skeletal warrior is lightly damaged.
The skeletal warrior closely misses you.
The phantasmal warrior gestures at you.
The phantasmal warrior blinks!
You hit the phantasmal warrior.
The phantasmal warrior is lightly damaged.
The skeletal warrior hits you from afar with a +0 trident!!
You block the phantasmal warrior's attack.
The skeletal warrior misses you.
You barely miss the skeletal warrior.
The skeletal warrior is lightly damaged.
You barely miss the phantasmal warrior.
You hit the skeletal warrior but do no damage.
The skeletal warrior is lightly damaged.
You hit the phantasmal warrior but do no damage.
You block the skeletal warrior's attack.
The phantasmal warrior misses you.
You hit the skeletal warrior but do no damage.
The skeletal warrior is lightly damaged.
You slash the phantasmal warrior!
You block the skeletal warrior's attack.
You block the phantasmal warrior's attack.
You hit the skeletal warrior but do no damage.
The skeletal warrior is lightly damaged.
You hit the phantasmal warrior.
The skeletal warrior hits you with a +0 trident!
You block the phantasmal warrior's attack.
You barely miss the skeletal warrior.
The skeletal warrior is lightly damaged.
You hit the phantasmal warrior but do no damage.
The skeletal warrior hits you with a +0 trident!!
The phantasmal warrior hits you.
Your willpower is stripped away!
You slash the skeletal warrior!
The skeletal warrior is moderately damaged.
You hit the phantasmal warrior.
The skeletal warrior hits you with a +0 trident!
* * * LOW HITPOINT WARNING * * *
The phantasmal warrior hits you!!
You die...

#......'.#
#.#.####..†.#
.
#......######
#.#..}....#.#
#.#.#.......#
#.....P.P...#
# #######.#
###.#.._....#
#.#
#.z.#.P.P...#
#.#
#.#...z...#.#
#.#
#.######.#..#
#.###.##
#.#.##
#.W@z..#
#.#.#
######## z#
.# §#


You could see a skeletal warrior and a phantasmal warrior.

Vanquished Creatures
  Erica (D:8)
  Pikel (D:8)
  A manticore (D:9)
  Maggie (D:7)
  A troll (D:10)
  Prince Ribbit (D:7)
  A hornet (D:10)
  2 wraiths
  Eustachio (D:4)
  6 yaks (D:8)
  A steam dragon (D:8)
  Duvessa (D:7)
  3 sky beasts
  4 orc warriors
  2 black bears
  An ice beast (D:6)
  3 ogres
  A lemure (D:8)
  2 phantoms (D:5)
  A kobold brigand (D:7)
  2 bullfrogs
  A gnoll sergeant (D:5)
  3 scorpions
  Dowan (D:7)
  10 wights
  3 killer bees (D:8)
  2 electric eels (D:9)
  4 howler monkeys (D:9)
  3 hounds
  A jelly (D:6)
  2 gnoll boudas
  5 orc priests
  A sleepcap (D:6)
  3 iguanas
  Natasha (D:3)
  5 orc wizards
  16 gnolls
  6 adders
  2 shadow imps
  An ufetubus (D:4)
  A worm (D:5)
  2 dart slugs
  45 orcs
  7 ball pythons
  2 endoplasms
  3 giant cockroaches
  5 goblins
  3 hobgoblins
  3 jackals
  10 kobolds
  6 quokkas
  2 bats
  10 frilled lizards
  6 rats
212 creatures vanquished.

Vanquished Creatures (others)
  A wizard (D:3)
  An orc wizard (D:3)
2 creatures vanquished.

Grand Total: 214 creatures vanquished

Notes
Turn   | Place    | Note
-------+----------+-------------------------------------------
     0 | D:1      | gelatine the Demonspawn Gladiator began the quest for the
                  | Orb.
     0 | D:1      | Reached XP level 1. HP: 16/16 MP: 1/1
   152 | D:1      | Gained mutation: You are partially covered in molten
                  | scales. (AC +2) [demonic ancestry]
   152 | D:1      | Reached XP level 2. HP: 15/22 MP: 2/2
   269 | D:1      | Reached skill level 3 in Axes
   308 | D:1      | Found a faded altar of an unknown god.
   706 | D:2      | Reached XP level 3. HP: 20/27 MP: 3/3
  1550 | D:3      | Found Hogug's General Store.
  1594 | D:3      | Bought a potion of curing for 39 gold pieces
  1658 | D:3      | Gained mutation: A meltable shield of frost defends you.
                  | (SH +4) [demonic ancestry]
  1658 | D:3      | Reached XP level 4. HP: 23/34 MP: 4/4
  1752 | D:3      | Reached skill level 4 in Axes
  1783 | D:3      | Reached skill level 1 in Armour
  1783 | D:3      | Gained mutation: Your touch may inflict minor irresistible
                  | damage on your foes. [demonic ancestry]
  1783 | D:3      | Reached XP level 5. HP: 28/39 MP: 5/5
  1970 | D:3      | Found a shimmering altar of Xom.
  2231 | D:3      | Found a bloodstained altar of Trog.
  2233 | D:3      | Noticed a wizard
  2235 | D:3      | Noticed Natasha
  2237 | D:3      | Killed a wizard
  2240 | D:3      | Killed Natasha
  2300 | D:4      | Noticed Eustachio
  2329 | D:4      | Killed Eustachio
  2330 | D:4      | Reached skill level 5 in Axes
  2330 | D:4      | Reached skill level 1 in Shields
  2330 | D:4      | Reached XP level 6. HP: 19/46 MP: 6/6
  2632 | D:4      | Found Wilewkang's Book Shop.
  2886 | D:4      | Gained mutation: Your touch may inflict irresistible damage
                  | on your foes. [demonic ancestry]
  2886 | D:4      | Reached XP level 7. HP: 36/52 MP: 7/7
  3029 | D:5      | Entered Level 5 of the Dungeon
  3803 | D:5      | Reached skill level 6 in Axes
  3804 | D:5      | Gained mutation: You regenerate magic rapidly. [demonic
                  | ancestry]
  3804 | D:5      | Reached XP level 8. HP: 55/58 MP: 8/8
  4356 | D:6      | Found a sacrificial altar of Ru.
  4644 | D:6      | Reached skill level 7 in Axes
  4821 | D:7      | Noticed Maggie
  4834 | D:7      | Killed Maggie
  4835 | D:7      | Gained mutation: When hurt, damage is shared between your
                  | health and your magic reserves. [demonic ancestry]
  4835 | D:7      | Reached XP level 9. HP: 27/65 MP: 9/9
  4972 | D:7      | Found a burning altar of Makhleb.
  4979 | D:7      | Noticed an Executioner
  5052 | D:7      | Noticed Duvessa
  5068 | D:7      | Killed Duvessa
  5068 | D:7      | Noticed Dowan
  5076 | D:7      | Killed Dowan
  5088 | D:7      | Found a staircase to the Ecumenical Temple.
  5096 | Temple   | Entered the Ecumenical Temple
  5393 | D:7      | Reached skill level 5 in Throwing
  5458 | D:7      | Reached skill level 8 in Axes
  5525 | D:7      | Noticed Prince Ribbit
  5547 | D:7      | Killed Prince Ribbit
  5926 | D:8      | Noticed Erica
  5936 | D:8      | Killed Erica
  5937 | D:8      | Reached skill level 5 in Fighting
  5937 | D:8      | Reached skill level 5 in Dodging
  6018 | D:8      | Reached XP level 10. HP: 58/74 MP: 8/10
  6032 | D:8      | Reached skill level 9 in Axes
  6506 | D:8      | Noticed Pikel
  6521 | D:8      | Killed Pikel
  6522 | D:8      | Reached skill level 5 in Shields
  7942 | D:9      | Noticed a manticore
  7950 | D:9      | Killed a manticore
  8157 | D:10     | Entered Level 10 of the Dungeon
  8170 | D:10     | Reached skill level 10 in Axes
  8191 | D:10     | Found a basalt altar of Yredelemnul.
  8337 | D:10     | Noticed a phantasmal warrior
  8337 | D:10     | Noticed a skeletal warrior
  8360 | D:10     | Mangled by a phantasmal warrior

Illustrated notes

Levels and vault maps discovered:
D:1:      nzn_arrival_depleted_hourglass, layout_basic,
          shapermc_ecumenical_altar_pompeii, minmay_small_reverse_x
D:2:      layout_basic, nicolae_figureground_sparkle
D:3:      layout_rooms, trog_wizard, amethyst_overflow_temple_binary,
          serial_shops, shop, uniq_natasha
D:4:      layout_basic, marbit_many_paths, nicolae_stop_n_shop_2, uniq_eustachio
D:5:      layout_layer_cave, nrook_mini_backslash, kennysheep_generic_room_8
D:6:      layout_rooms, hangedman_ru_absence
D:7:      layout_basic, makhleb_altar_promises_db,
          minmay_temple_entry_enclosed_plants, uniq_prince_ribbit1, uniq_maggie,
          uniq_duvessa
D:8:      layout_loops_cross, special_room [special_room_orc],
          minmay_misc_feat_nine_boxes, uniq_pikel, uniq_erica
D:9:      layout_basic, minivault_14
D:10:     layout_basic, yredelemnul_altar_generic, erik_lair_island
Temple:   nicolae_temple_superstar

Skill      XL: |  1  2  3  4  5  6  7  8  9 10 |
---------------+-------------------------------+-----
Dodging        | 3 4 5 |  5.7
Axes           | 3 4 5 6 7 8 10 | 10.0
Throwing       | 2 3 4 5 6 |  6.3
Armour         | 1 2 3 4 |  4.7
Shields        | 1 2 3 4 5 |  5.5
Fighting       | 3 4 5 6 |  6.0
Stealth        | |  0.9

Action                     |  1- 3 |  4- 6 |  7- 9 | 10-12 || total
---------------------------+-------+-------+-------+-------++-------
  Melee: War axe           |   104 |    85 |   181 |   186 ||   556
         Touch             |       |    10 |    15 |       ||    25
         Punch             |       |       |     2 |       ||     2
         Hand axe          |       |       |       |    32 ||    32
  Throw: Throwing net      |     1 |       |       |       ||     1
         Boomerang         |       |    19 |    75 |    20 ||   114
  Evoke: Wand              |       |       |       |     3 ||     3
    Use: Scroll            |     3 |     2 |     6 |     1 ||    12
         Potion            |       |     1 |       |       ||     1
   Stab: Sleeping          |     2 |       |       |     1 ||     3
 Armour: Leather armour    |    26 |    17 |       |       ||    43
         Ring mail         |       |     7 |    33 |       ||    40
         Acid dragon scale |       |       |    25 |    35 ||    60
  Dodge: Dodged            |    83 |    33 |    66 |    64 ||   246
  Block: Other             |     2 |    30 |    39 |       ||    71
         Buckler           |       |       |    55 |    98 ||   153
         Reflection        |       |       |     1 |     1 ||     2

Table legend: (Time is in decaauts)
 A = Elapsed time spent in this place.
 B = Non-inter-level travel time spent in this place.
 C = Inter-level travel time spent in this place.
 D = Time resting spent in this place.
 E = Time spent auto-exploring this place.
 F = Levels seen in this place.
 G = Mean time per level.
                   A        B        C        D        E       F      G
               +--------+--------+--------+--------+--------+-----+--------+
         Total |   8490 |   8191 |    299 |      0 |   6469 |  11 |  771.8 |
       Dungeon |   8353 |   8076 |    277 |      0 |   6369 |  10 |  835.3 |
        Temple |    136 |    114 |     22 |      0 |    100 |   1 |  136.0 |
               +--------+--------+--------+--------+--------+-----+--------+

Top non-repeatable levels by time:
     D:8: 1464 daAuts
     D:5: 1306 daAuts
     D:9: 966 daAuts
     D:2: 880 daAuts
     D:7: 841 daAuts
     D:3: 806 daAuts
     D:4: 753 daAuts
     D:1: 661 daAuts
     D:6: 476 daAuts
    D:10: 197 daAuts
  Temple: 136 daAuts
